 Dungeon Crawl Stone Soup version 0.32-a0-814-g0968bab981 (webtiles) character file.

Game seed: 184141208424099002

170 zenocrate the Insei (level 5, -2/34 HPs)
             Began as an Octopode Earth Elementalist on Mar 22, 2024.
             Slain by a sky beast (6 damage)
             ... on level 3 of the Dungeon.
             The game lasted 00:02:18 (1974 turns).

zenocrate the Insei (Octopode Earth Elementalist)   Turns: 1974, Time: 00:02:18

Health: -2/34      AC:  1    Str:  8    XL:     5   Next: 50%
Magic:  7/9        EV: 12    Int: 17    God:
Gold:   82         SH:  0    Dex: 14    Spells: 9/10 levels left

rFire   . .          .
                       - Unarmed
rCold   . . .        (no shield)
rNeg    . . .        (helmet restricted)
rPois   .            (no amulet)
rElec   .            (no ring)
rCorr   .            (no ring)
SInv    .            (no ring)
Will    .....        (no ring)
Stlth   +++          (no ring)
HPRegen 0.25/turn    (no ring)
MPRegen 0.11/turn    (no ring)
                     (no ring)

%: no passive effects
@: no status effects
A: almost no armour, amphibious, 8 rings, camouflage 1, gelatinous body 1,
(nimble swimmer 1), tentacles
a: no special abilities


You were on level 3 of the Dungeon.
You visited 1 branch of the dungeon, and saw 3 of its levels.

You collected 82 gold pieces.

Inventory:

Jewellery
 o - an amulet of faith
Wands
 n - a wand of charming (6)
 p - a wand of warping (6)
Scrolls
 b - 2 scrolls of noise {unknown}
 c - 2 scrolls of identify {unknown}
 g - 2 scrolls of teleportation {unknown}
 i - a scroll of enchant weapon {unknown}
 k - a scroll of vulnerability {unknown}
 m - a scroll of silence {unknown}
Potions
 a - a potion of magic
 d - a potion of invisibility
 f - a potion of lignification {unknown}
 h - a potion of cancellation {unknown}
 j - a potion of mutation {unknown}
 l - a potion of berserk rage {unknown}


   Skills:
 + Level 2.0 Fighting
 - Level 2.0 Dodging
 - Level 2.6 Stealth
 + Level 3.7 Unarmed Combat
 - Level 3.0 Spellcasting
 - Level 1.0 Conjurations
 - Level 3.0 Earth Magic


You had 9 spell levels left.
You knew the following spells:

 Your Spells              Type           Power      Damage    Failure   Level
a - Sandblast             Erth           24%        2d8       4%          1

Your spell library contained the following spells:

 Spells                   Type           Power      Damage    Failure   Level
 Passwall                 Erth           12%        N/A       16%         3
 Stone Arrow              Conj/Erth      18%        3d8       22%         3
 Cigotuvi's Dreadful Rot  Necr/Alch/Air  4%         N/A       26%         2
 Brom's Barrelling Bould  Conj/Erth      9%         2d3       58%         4
 Petrify                  Alch/Erth      7%         N/A       67%         4
 Ignite Poison            Fire/Alch      2%         N/A       86%         4
 Freezing Cloud           Conj/Ice/Air   1%         6-21      99%         5


Dungeon Overview and Level Annotations

Branches:
Dungeon (3/15)

Altars:
Qazlal
Xom


Innate Abilities, Weirdness & Mutations

You cannot wear most types of armour.
You are amphibious.
You can wear up to eight rings at the same time.
Your skin changes colour to match your surroundings (Stealth+).
Your rubbery body absorbs attacks. (AC +1, EV +1)
((You are camouflaged when in or above water. (Stealth+)))
You have tentacles for arms and can constrict up to eight enemies at once.


Message History

Space twists violently!
The rupture engulfs something!
Unknown command.
Reactivating autopickup.
A sky beast appears from thin air!
The sky beast hits you. The sky beast shocks you.
Casting: Sandblast (safe; 4% risk of failure)
Confirm with . or Enter, or press ? or * to list all spells.
Aiming: Sandblast (safe; 4% risk of failure)
Press: ? - help, Shift-Dir - straight line, f - sky beast
Aim: a sky beast (rain, severely wounded, 75% to hit)
The blast of sand hits the sky beast.
The sky beast is severely wounded.
The sky beast hits you. The sky beast shocks you.
The sky beast barely misses you.
You tentacle-slap the sky beast but do no damage.
Your squeeze misses the sky beast.
The sky beast is severely wounded.
Unknown command.
You tentacle-slap the sky beast.
The sky beast is almost dead.
The sky beast hits you. The sky beast shocks you.
Unknown command.
You closely miss the sky beast.
You squeeze the sky beast, but do no damage.
The sky beast is almost dead.
The sky beast hits you. The sky beast shocks you.
* * * LOW HITPOINT WARNING * * *
Unknown command.
Unknown command.
Casting: Sandblast (safe; 4% risk of failure)
Confirm with . or Enter, or press ? or * to list all spells.
Aiming: Sandblast (safe; 4% risk of failure)
Press: ? - help, Shift-Dir - straight line, f/p - sky beast
Aim: a sky beast (almost dead, 75% to hit)
The blast of sand hits the sky beast but does no damage.
The sky beast is almost dead.
The sky beast hits you.
* * * LOW HITPOINT WARNING * * *
The sky beast shocks you.
You die...

..........# #.........#
#.........# #...B.....#
#.........# #.#
#!........# ..
#.........+
#....$....#####
#.).......Y@..# ##
#.###########.# .### #.#
#....# #.#
...###.###....####.###.#
##.....#.+....##.......#
######.#.#........####.#
.......#.#!....$..#
..####.#.#!.......#
+......#.#......#


You could see a sky beast and a giant cockroach (wandering).

Vanquished Creatures
  Natasha (D:2)
  Ijyb (D:3)
  2 adders (D:2)
  4 gnolls (D:2)
  A dart slug (D:1)
  A ribbon worm (D:2)
  10 ball pythons
  A bat (D:1)
  7 endoplasms
  5 giant cockroaches
  3 goblins
  4 hobgoblins
  2 jackals (D:3)
  3 kobolds
  2 quokkas (D:2)
  3 frilled lizards
  7 rats
57 creatures vanquished.

Notes
Turn   | Place    | Note
-------+----------+-------------------------------------------
     0 | D:1      | zenocrate the Octopode Earth Elementalist began the quest
                  | for the Orb.
     0 | D:1      | Reached XP level 1. HP: 11/11 MP: 3/3
    24 | D:1      | Reached skill level 1 in Unarmed Combat
    62 | D:1      | Reached XP level 2. HP: 17/17 MP: 5/5
   365 | D:1      | Reached XP level 3. HP: 19/21 MP: 6/6
   957 | D:2      | Noticed Natasha
   963 | D:2      | Killed Natasha
   964 | D:2      | Reached XP level 4. HP: 24/27 MP: 8/8
  1318 | D:2      | Found a shimmering altar of Xom.
  1511 | D:2      | Reached skill level 1 in Fighting
  1517 | D:2      | Reached XP level 5. HP: 20/33 MP: 9/9
  1652 | D:3      | Noticed Ijyb
  1661 | D:3      | Killed Ijyb
  1704 | D:3      | Found a stormy altar of Qazlal.
  1704 | D:3      | Noticed a sky beast
  1974 | D:3      | Slain by a sky beast

Illustrated notes

Levels and vault maps discovered:
D:1:      amcnicky_arrival_blooded_trapdoor, layout_basic, nicolae_the_louvre
D:2:      layout_basic, basic_altar, minmay_pentomino_u2, uniq_natasha
D:3:      layout_basic, nicolae_qazlal_beasts_of_the_sky, hellmonk_no_cap,
          uniq_ijyb

Skill      XL: |  1  2  3  4  5 |
---------------+----------------+-----
Unarmed Combat | 1 2 3 |  3.7
Spellcasting   | 3 |  3.0
Fighting       | 1 2 |  2.0
Dodging        | |  2.0
Stealth        | |  2.6
Conjurations   | |  1.0
Earth Magic    | |  3.0

Action                     |  1- 3 |  4- 6 || total
---------------------------+-------+-------++-------
  Melee: Unarmed           |    65 |    47 ||   112
         Constrict         |    25 |    11 ||    36
         Tentacles         |    17 |    14 ||    31
         Punch             |     1 |       ||     1
   Cast: Sandblast         |       |     7 ||     7
  Evoke: Wand              |       |     1 ||     1
    Use: Potion            |       |     2 ||     2
   Stab: Sleeping          |     6 |     2 ||     8
         Distracted        |       |     1 ||     1
 Armour: Skin              |    18 |    24 ||    42
  Dodge: Dodged            |    37 |    19 ||    56

Table legend: (Time is in decaauts)
 A = Elapsed time spent in this place.
 B = Non-inter-level travel time spent in this place.
 C = Inter-level travel time spent in this place.
 D = Time resting spent in this place.
 E = Time spent auto-exploring this place.
 F = Levels seen in this place.
 G = Mean time per level.
                   A        B        C        D        E       F      G
               +--------+--------+--------+--------+--------+-----+--------+
         Total |   1971 |   1921 |     50 |    100 |   1407 |   3 |  657.0 |
       Dungeon |   1971 |   1921 |     50 |    100 |   1407 |   3 |  657.0 |
               +--------+--------+--------+--------+--------+-----+--------+

Top non-repeatable levels by time:
     D:2: 857 daAuts
     D:1: 784 daAuts
     D:3: 329 daAuts
